 Dungeon Crawl Stone Soup version 0.26-a0-649-gf8c6c3aab7 (webtiles) character file.

Game seed: 4881304222011985013

171 DogServant the Skirmisher (level 5, -4/57 HPs)
             Began as an Ogre Berserker on Sept 26, 2020.
             Was a Believer of Trog.
             Slain by a centaur (7 damage)
             ... on level 5 of the Dungeon.
             The game lasted 00:03:55 (2506 turns).

DogServant the Skirmisher (Ogre Berserker)          Turns: 2506, Time: 00:03:56

Health: -4/57      AC:  4    Str: 21    XL:     5   Next: 51%
Magic:  5/5        EV: 11    Int:  8    God:    Trog [**....]
Gold:   116        SH:  0    Dex: 15    Spells: 4/4 levels left

rFire    . . .     SeeInvis .   a - +0 mace
rCold    . . .     Faith    .   (no shield)
rNeg     . . .     Spirit   .   b - +1 animal skin
rPois    .         Reflect  .   (helmet restricted)
rElec    .         Harm     .   (no cloak)
rCorr    .         Rampage  .   (gloves unavailable)
MR       .....                  (boots unavailable)
Stlth    +.........             (no amulet)
HPRegen  0.19/turn              i - +6 ring of dexterity
MPRegen  0.09/turn              (no ring)

@: mighty
A: large, unfitting armour, tough skin 1
a: Berserk, Trog's Hand, Renounce Religion


You were on level 5 of the Dungeon.
You worshipped Trog.
Trog was pleased with you.
You visited 1 branch of the dungeon, and saw 4 of its levels.

You collected 116 gold pieces.

Inventory:

Hand Weapons
 a - a +0 mace (weapon)
Armour
 b - a +1 animal skin (worn)
Jewellery
 i - a +6 ring of dexterity (left hand)
Scrolls
 k - 2 scrolls of teleportation
 s - a scroll of blinking {unknown}
Potions
 d - a potion of curing
 e - a potion of resistance
 g - a potion of brilliance
 h - a potion of berserk rage {unknown}
 j - 2 potions of haste {unknown}
 l - a potion of degeneration {unknown}
 r - a potion of cancellation {unknown}


   Skills:
 + Level 5.5 Fighting
 + Level 3.8 Maces & Flails
 + Level 2.4 Throwing
 - Level 2.9 Dodging


You had 4 spell levels left.
You didn't know any spells.
Your spell library was empty.

Dungeon Overview and Level Annotations

Branches:
Dungeon (3/15)

Altars:
Elyvilon
Kikubaaqudgha
Xom


Innate Abilities, Weirdness & Mutations

You are too large for most types of armour.
You have tough skin. (AC +1)


Message History

You see here an arrow.
The centaur shoots an arrow.
The arrow hits you! The arrow burns you.
You see here an arrow.
The centaur shoots an arrow.
The arrow hits you! The arrow burns you!
You see here a jackal corpse.
You see here a jackal corpse.
The centaur shoots an arrow.
The arrow hits you!
* * * LOW HITPOINT WARNING * * *
The arrow burns you.
* * * LOW HITPOINT WARNING * * *
Things that are here:
an arrow; a jackal corpse The centaur shoots an arrow.
The arrow hits you.
* * * LOW HITPOINT WARNING * * *
The arrow burns you.
* * * LOW HITPOINT WARNING * * *
You see here an arrow.
The centaur unwields a +2 shortbow of flaming.
It stops flaming.
The centaur hits you!
You die...

#.....## ...(.. #
......####
#.#.........#
#.#.#.#... .#
#.##..(#.#.##..#
....#........(.#
.......c(<..#
?.#.#.#@....#
...#.#.#(.)..#..
#(....(†.....#
...#..######.....
#. ..#.. .. ..?.
.# .... # #


You could see a centaur.

Vanquished Creatures
  An ogre (D:5)
  2 adders (D:2)
  2 oozes
  A worm (D:2)
  A dart slug (D:1)
  2 leopard geckos (D:2)
  A ball python (D:2)
  3 giant cockroaches
  5 goblins
  7 hobgoblins
  7 jackals
  A quokka (D:2)
  6 bats
  9 frilled lizards
  7 kobolds
  7 rats
62 creatures vanquished.

Notes
Turn   | Place    | Note
-------+----------+-------------------------------------------
     0 | D:1      | DogServant the Ogre Berserker began the quest for the Orb.
     0 | D:1      | Reached XP level 1. HP: 24/24 MP: 1/1
    91 | D:1      | Reached XP level 2. HP: 31/32 MP: 2/2
   541 | D:1      | Reached XP level 3. HP: 25/40 MP: 3/3
  1049 | D:2      | Reached skill level 1 in Throwing
  1055 | D:2      | Found a white marble altar of Elyvilon.
  1074 | D:2      | Reached ** piety under Trog
  1169 | D:2      | Found a shimmering altar of Xom.
  1171 | D:2      | Found an ancient bone altar of Kikubaaqudgha.
  1544 | D:2      | Reached XP level 4. HP: 48/49 MP: 4/4
  1701 | D:2      | Reached skill level 5 in Fighting
  2470 | D:3      | You fall into a shaft and drop 2 floors!
  2470 | D:5      | Entered Level 5 of the Dungeon
  2480 | D:5      | Noticed an ogre
  2488 | D:5      | Killed an ogre
  2488 | D:5      | Reached XP level 5. HP: 55/57 MP: 5/5
  2488 | D:5      | Noticed a centaur
  2506 | D:5      | Slain by a centaur

Illustrated notes

Levels and vault maps discovered:
D:1:      shiori_arrival_elements, layout_basic, chequers_jeans
D:2:      layout_basic, elyvilon_altar_4,
          chequers_temple_overflow_statue_of_worship
D:3:      layout_loops_ring, nicolae_tso_swordbearing_angel
D:5:      layout_basic, overflow_temple_1_default,
          lightli_ossuary_entry_decrepit_ruins

Skill      XL: |  1  2  3  4 |
---------------+-------------+-----
Maces & Flails | 3 |  3.8
Throwing       | 1 2 |  2.4
Fighting       | 5 |  5.5
Dodging        | |  2.9

Action                   |  1- 3 |  4- 6 || total
-------------------------+-------+-------++-------
Melee: Mace              |   119 |    62 ||   181
  Use: Scroll            |       |    10 ||    10
       Potion            |       |     1 ||     1
Armor: Animal skin       |    60 |    22 ||    82
Dodge: Dodged            |    97 |    50 ||   147

Table legend: (Time is in decaauts)
 A = Elapsed time spent in this place.
 B = Non-inter-level travel time spent in this place.
 C = Inter-level travel time spent in this place.
 D = Time resting spent in this place.
 E = Time spent auto-exploring this place.
 F = Levels seen in this place.
 G = Mean time per level.
                   A        B        C        D        E       F      G
               +--------+--------+--------+--------+--------+-----+--------+
         Total |   2548 |   2508 |     40 |    384 |   1691 |   4 |  637.0 |
       Dungeon |   2548 |   2508 |     40 |    384 |   1691 |   4 |  637.0 |
               +--------+--------+--------+--------+--------+-----+--------+

Top non-repeatable levels by time:
     D:2: 1335 daAuts
     D:1: 1036 daAuts
     D:3: 139 daAuts
     D:5: 37 daAuts
